 Dungeon Crawl Stone Soup version 0.31-a0-167-g1c394c0614 (webtiles) character file.

Game seed: 10914735286052497825

23815 Midn8 the Carver (level 13, -5/78 HPs)
             Began as a Kobold Conjurer on June 14, 2023.
             Was a High Priest of Uskayaw.
             Slain by an 11-headed hydra (10 damage)
             ... on level 2 of the Lair of Beasts.
             The game lasted 00:45:08 (18319 turns).

Midn8 the Carver (Kobold Conjurer)                 Turns: 18319, Time: 00:45:08

Health: -5/78      AC: 12    Str:  5    XL:     13   Next: 38%
Magic:  0/22       EV: 19    Int: 28    God:    Uskayaw [*****.]
Gold:   244        SH:  3    Dex: 15    Spells: 8/24 levels left

rFire   . . .        o - +9 demon blade (elec)
rCold   . . .        S - +0 buckler
rNeg    . . .        U - +0 steam dragon scales
rPois   .            l - +1 helmet
rElec   .            (no cloak)
rCorr   .            x - +2 pair of gloves
SInv    .            K - +1 pair of boots
Will    .....        q - amulet of faith
Stlth   +++          e - +4 ring of slaying
HPRegen 0.33/turn    O - +6 ring of intelligence
MPRegen 0.18/turn

%: faith
@: very slightly contaminated
A: small, no large weapons, nightstalker 3
a: Renounce Religion, Stomp, Line Pass, Grand Finale


You were on level 2 of the Lair of Beasts.
You worshipped Uskayaw.
Uskayaw was noncommittal.
You visited 3 branches of the dungeon, and saw 13 of its levels.
You also visited: Sewer.

You collected 638 gold pieces.
You spent 394 gold pieces at shops.

Inventory:

Hand Weapons
 d - a +2 whip of pain
 o - a +9 demon blade of electrocution (weapon)
 p - a +1 rapier of chaos
Missiles
 k - 29 poisoned darts
Armour
 a - a +0 robe
 l - a +1 helmet (worn)
 x - a +2 pair of gloves (worn)
 K - a +1 pair of boots (worn)
 R - an orb of light
 S - a +0 buckler (worn)
 U - +0 steam dragon scales (worn)
Jewellery
 e - a +4 ring of slaying (left hand)
 h - a ring of positive energy
 j - a +6 ring of strength
 q - an amulet of faith (around neck)
 t - the amulet of the Skies Above {Acrobat +Blink rElec rC+}
   (You took it off an orc on level 5 of the Dungeon)

   [amulet of the acrobat]

   It increases your evasion while moving and waiting.
   rC:        It protects you from cold.
   rElec:     It insulates you from electricity.
   +Blink:    It lets you blink.
 D - a ring of fire
 I - a ring of poison resistance
 J - a ring of magical power
 O - a +6 ring of intelligence (right hand)
Wands
 n - a wand of flame (12)
 w - a wand of iceblast (15)
 H - a wand of charming (14)
Scrolls
 f - 9 scrolls of teleportation
 s - a scroll of fog
 y - 2 scrolls of amnesia
 E - 2 scrolls of blinking
 F - 2 scrolls of revelation
 M - a scroll of fear
 Q - 2 scrolls of identify
 T - a scroll of enchant weapon
Potions
 b - 5 potions of magic
 c - 4 potions of attraction
 g - 2 potions of ambrosia
 i - 9 potions of curing
 m - 6 potions of degeneration
 r - 2 potions of enlightenment
 u - 4 potions of brilliance
 v - 4 potions of haste
 z - 3 potions of invisibility {unknown}
 A - 6 potions of lignification
 B - 2 potions of might
 C - a potion of berserk rage {unknown}
 G - a potion of mutation {unknown}
 L - a potion of resistance {unknown}
 N - a potion of experience {unknown}
 P - a potion of heal wounds


   Skills:
 - Level 8.0 Fighting
 - Level 10.0 Long Blades
 - Level 10.0 Dodging
 - Level 2.6 Stealth
 - Level 6.0 Spellcasting
 - Level 9.0 Conjurations
 - Level 4.0 Hexes
 - Level 4.0 Translocations
 + Level 7.7 Air Magic
 - Level 6.0 Invocations


You had 8 spell levels left.
You knew the following spells:

 Your Spells              Type           Power      Damage    Failure   Level
a - Magic Dart            Conj           100%       1d8       1%          1
b - Iskenderun's Mystic   Conj/Tloc      44%        2d10      8%          4
c - Arcjolt               Conj/Air       26%        1d36      11%         5
f - Fulminant Prism       Conj/Hex       22%        3d12      8%          4
s - Searing Ray           Conj           100%       2d8       1%          2

Your spell library contained the following spells:

 Spells                   Type           Power      Damage    Failure   Level
 Static Discharge         Conj/Air       100%       2-7/arc   1%          2
 Dazzling Flash           Conj/Hex       88%        N/A       2%          3
 Poisonous Vapours        Pois/Air       60%        N/A       3%          2
 Vhi's Electric Charge    Tloc/Air       82%        N/A       3%          3
 Airstrike                Air            25%        2d(4-20)  4%          4
 Sting                    Tmut/Pois      32%        1d4       12%         1
 Sublimation of Blood     Necr           8%         N/A       17%         2
 Wereblood                Tmut           8%         N/A       17%         2
 Cause Fear               Hex            15%        N/A       22%         4
 Summon Lightning Spire   Summ/Air       30%        N/A       24%         4
 Anguish                  Hex/Necr       9%         N/A       45%         4
 Animate Armour           Summ/Erth      16%        N/A       75%         4
 Olgreb's Toxic Radiance  Pois           8%         N/A       75%         4
 Blade Hands              Tmut           4%         N/A       97%         5
 Enfeeble                 Hex            15%        N/A       100%        7
 Summon Hydra             Summ           4%         N/A       100%        7
 Maxwell's Capacitive Co  Air            25%        ∞         100%        8


Dungeon Overview and Level Annotations

Branches:
Dungeon (10/15)            Temple (1/1) D:4            Lair (2/5) D:9
  Swamp (0/4) Lair:2          Orc (0/2) D:9           Sewer (visited)
  Snake: Lair:2-3    Spider: Lair:2-3

Altars:
Ashenzari
Cheibriados
Dithmenos
Elyvilon
Fedhas
Gozag
Hepliaklqana
Kikubaaqudgha
Makhleb
Nemelex Xobeh
Okawaru
Qazlal
Ru
Sif Muna
Trog
Uskayaw
Vehumet
Wu Jian
Xom
Yredelemnul
Zin
The Shining One

Shops:
D:4 ?   D:7 =   D:9 =   D:10 !*(!


Innate Abilities, Weirdness & Mutations

You are small and have problems with some larger weapons.
You are completely attuned to the shadows.


Message History

The nine-headed hydra bites you but does no damage. x2
You block the nine-headed hydra's attack.
The nine-headed hydra misses you.
Casting: Arcjolt (dangerous; 11% risk of failure)
Confirm with . or Enter, or press ? or * to list all spells.
Electricity surges outward!
The nine-headed hydra is struck by an electric surge!
The nine-headed hydra is almost dead.
The nine-headed hydra misses you.
The nine-headed hydra completely misses you. x3
The nine-headed hydra closely misses you.
The nine-headed hydra bites you.
* * * LOW HITPOINT WARNING * * *
The nine-headed hydra bites you but does no damage.
The nine-headed hydra completely misses you.
You block the nine-headed hydra's attack.
You lop one of the nine-headed hydra's heads off!
The eight-headed hydra grows two more!
You slash the ten-headed hydra!
The ten-headed hydra is almost dead.
The ten-headed hydra closely misses you. x2
The ten-headed hydra bites you but does no damage.
The ten-headed hydra bites you.
* * * LOW HITPOINT WARNING * * *
The ten-headed hydra misses you. x2; The ten-headed hydra barely misses you.
You block the ten-headed hydra's attack.
The ten-headed hydra bites you.
* * * LOW HITPOINT WARNING * * *
The ten-headed hydra misses you.
Unknown command.
You slice one of the ten-headed hydra's heads off!
The nine-headed hydra grows two more!
You slash the 11-headed hydra!
The 11-headed hydra is almost dead.
The 11-headed hydra bites you but does no damage.
The 11-headed hydra completely misses you.
The 11-headed hydra closely misses you.
The 11-headed hydra completely misses you.
The 11-headed hydra bites you.
* * * LOW HITPOINT WARNING * * *
The 11-headed hydra bites you!
You die...

.........#......P#
.................###
...................#
...P............)..#
>##..####.........##
#####.#
##.........## ###
##.........#
#.........###
#.##..@.....###
#####..D......#
#.........##
##...[...#.#
........###
###.......P#
#P.......##
##.......#
##...††.##


You could see a 11-headed hydra.

Vanquished Creatures
  A boulder beetle (Lair:1)
  A skyshark (Lair:2)
  A black mamba (Lair:1)
  8 elephants
  A torpor snail (Lair:1)
  A kobold demonologist (D:9)
  A rime drake (Lair:2)
  6 cane toads
  An unseen horror (D:10)
  3 komodo dragons
  A troll (D:9)
  4 blink frogs (Lair:2)
  Prince Ribbit (D:5)
  Sigmund (D:4)
  A vampire (D:8)
  25 yaks
  A wraith (D:10)
  A wyvern (D:9)
  Grum (D:8)
  9 spriggans (D:10)
  3 steam dragons
  3 basilisks
  8 vampire mosquitoes (D:10)
  2 nagas (Lair:2)
  3 water moccasins
  A black bear (D:4)
  An ogre (D:5)
  11 orc warriors
  2 ice beasts (D:6)
  2 sky beasts
  2 centaurs
  12 wolves
  5 kobold brigands
  11 bullfrogs
  9 scorpions
  8 wights (D:6)
  4 killer bees
  6 electric eels
  12 howler monkeys
  3 lava snakes (Lair:1)
  3 jellies (D:6)
  3 hounds
  6 orc priests
  2 sleepcaps
  Jessica (D:2)
  Ijyb (D:3)
  3 iguanas
  13 orc wizards
  A hell rat (Sewer)
  4 gnolls (D:3)
  10 adders
  3 river rats (Sewer)
  2 white imps
  3 ufetubi
  3 dart slugs (D:1)
  60 orcs
  11 bats
  8 endoplasms
  A giant cockroach (D:4)
  8 goblins
  A hobgoblin (D:2)
  24 kobolds
  A quokka (D:4)
  5 ball pythons
  2 frilled lizards
  9 rats
365 creatures vanquished.

Vanquished Creatures (others)
  12 fulminant prisms
12 creatures vanquished.

Grand Total: 377 creatures vanquished

Notes
Turn   | Place    | Note
-------+----------+-------------------------------------------
     0 | D:1      | Midn8 the Kobold Conjurer began the quest for the Orb.
     0 | D:1      | Reached XP level 1. HP: 10/10 MP: 3/3
   160 | D:1      | Reached XP level 2. HP: 15/15 MP: 2/5
   187 | D:1      | Learned a level 2 spell: Searing Ray
   726 | D:1      | Reached XP level 3. HP: 19/19 MP: 2/7
  1240 | D:2      | Noticed Jessica
  1242 | D:2      | Killed Jessica
  1243 | D:2      | Reached XP level 4. HP: 24/24 MP: 5/10
  2180 | D:3      | Reached XP level 5. HP: 27/28 MP: 0/11
  2452 | D:3      | Reached skill level 5 in Conjurations
  2640 | D:3      | Noticed Ijyb
  2645 | D:3      | Killed Ijyb
  3464 | D:4      | Found Veshak's Magic Scroll Shoppe.
  3467 | D:4      | Bought a scroll of enchant armour for 105 gold pieces
  3467 | D:4      | Bought a scroll of teleportation for 42 gold pieces
  3588 | D:4      | Found a staircase to the Ecumenical Temple.
  3596 | Temple   | Entered the Ecumenical Temple
  4219 | Temple   | Became a worshipper of Uskayaw the Reveller
  4271 | D:4      | Reached * piety under Uskayaw
  4273 | D:4      | Reached XP level 6. HP: 32/32 MP: 8/12
  4275 | D:4      | Reached ** piety under Uskayaw
  4536 | D:4      | Noticed Sigmund
  4543 | D:4      | Reached *** piety under Uskayaw
  4546 | D:4      | Killed Sigmund
  4669 | D:4      | Reached XP level 7. HP: 36/36 MP: 10/13
  4848 | D:4      | Identified a scroll of acquirement
  4848 | D:4      | Acquired a +5 demon blade of electrocution
  4968 | D:4      | Reached skill level 1 in Long Blades
  5593 | D:5      | Entered Level 5 of the Dungeon
  5628 | D:5      | Reached **** piety under Uskayaw
  5750 | D:5      | Identified the amulet of the Skies Above {Acrobat +Blink
                  | rElec rC+}
  5752 | D:5      | Reached XP level 8. HP: 41/41 MP: 9/14
  5921 | D:5      | Noticed a yak
  6441 | D:5      | Reached skill level 5 in Long Blades
  6618 | D:5      | Found a shimmering blue altar of Sif Muna.
  6657 | D:5      | Noticed a yak
  6876 | D:5      | Noticed a yak
  7218 | D:6      | Reached XP level 9. HP: 39/49 MP: 10/15
  7306 | D:6      | Found a glowing drain.
  7314 | Sewer    | Entered a sewer
  7489 | Sewer    | Reached skill level 5 in Dodging
  7897 | D:6      | Reached ***** piety under Uskayaw
  8789 | D:7      | Reached XP level 10. HP: 46/56 MP: 10/16
  8986 | D:7      | Reached skill level 5 in Invocations
  9244 | D:7      | Found Yllum's Jewellery Shoppe.
  9441 | D:8      | You fall into a shaft and drop 1 floor!
  9593 | D:8      | Reached skill level 5 in Fighting
  9717 | D:9      | Learned a level 4 spell: Iskenderun's Mystic Blast
  9722 | D:9      | Learned a level 4 spell: Fulminant Prism
 10130 | D:9      | Reached skill level 1 in Translocations
 10612 | D:9      | Noticed a komodo dragon
 10722 | D:9      | Killed a komodo dragon
 10906 | D:8      | Noticed Grum
 10914 | D:8      | Reached skill level 5 in Spellcasting
 11244 | D:8      | Reached skill level 1 in Hexes
 11409 | D:8      | Killed Grum
 11410 | D:8      | Reached XP level 11. HP: 64/64 MP: 12/20
 11782 | D:5      | Noticed Prince Ribbit
 11790 | D:5      | Killed Prince Ribbit
 11945 | D:9      | Found Axteow Ket's Jewellery Shop.
 12419 | D:9      | Found a staircase to the Lair.
 12554 | D:9      | Found a staircase to the Orcish Mines.
 12745 | D:10     | Entered Level 10 of the Dungeon
 12883 | D:10     | Found Ashyehem's Distillery.
 12888 | D:10     | Bought a potion of heal wounds for 65 gold pieces
 12888 | D:10     | Bought 2 potions of brilliance for 104 gold pieces
 12888 | D:10     | Bought a potion of curing for 39 gold pieces
 12888 | D:10     | Bought a potion of curing for 39 gold pieces
 12926 | D:10     | Found Wolan's Assorted Antiques.
 13058 | D:10     | Found Zufuyxt's Distillery.
 13077 | D:10     | Found Zaukhlitt's Antique Weapon Emporium.
 13511 | D:10     | Reached skill level 10 in Long Blades
 13846 | D:10     | Learned a level 5 spell: Arcjolt
 14057 | D:10     | Reached skill level 1 in Air Magic
 14171 | D:10     | Reached XP level 12. HP: 73/73 MP: 15/21
 14539 | Lair:1   | Entered Level 1 of the Lair of Beasts
 14557 | Lair:1   | Noticed a boulder beetle
 14569 | Lair:1   | Killed a boulder beetle
 14764 | Lair:1   | Reached skill level 5 in Air Magic
 16307 | Lair:1   | Identified the +1 robe "Heja" {rF++ rCorr Dex+3 Slay-4}
 16533 | Lair:1   | Reached ****** piety under Uskayaw
 16808 | Lair:2   | Noticed a six-headed hydra
 17212 | Lair:2   | Reached XP level 13. HP: 78/78 MP: 16/22
 17657 | Lair:2   | Identified the +6 chain mail of Plasticity {rC+}
 17683 | Lair:2   | Reached skill level 10 in Dodging
 18187 | Lair:2   | Found a staircase to the Swamp.
 18319 | Lair:2   | Slain by an 11-headed hydra

Illustrated notes

Levels and vault maps discovered:
D:1:      matt_arrival_diagonals, layout_basic
D:2:      layout_basic, minivault_27, uniq_jessica
D:3:      layout_loops_ring, uniq_ijyb
D:4:      layout_gridville, minmay_temple_entry_steel_oval, serial_shops,
          nicolae_shop_rolled_up, kennysheep_flooded_box, chequers_big_river,
          uniq_sigmund
D:5:      layout_basic, kennysheep_orc_sif_temple, serial_glass,
          glass_columns_a, glass_columns_a, glass_columns_a, glass_columns_b,
          glass_columns_a, glass_columns_a, glass_columns_a, glass_columns_c,
          minmay_strange_pillars, feat_on_display, feat_on_display,
          minmay_strange_pillars, reono_crystal_passage, nrook_campfire,
          uniq_prince_ribbit1
D:6:      layout_loops_cross, portal_sewer_entry_d
D:7:      old_forge, layout_loops_ring, serial_shops,
          nicolae_shop_tiny_real_fake_doors
D:8:      layout_basic, uniq_grum
D:9:      layout_basic, david_lair_shrubbed, david_orc_5, serial_shops,
          nicolae_shop_gaudy_bauble, enter_bailey_5
D:10:     kb_forest_paths, layout_basic, serial_shops, shop, shop,
          nicolae_shop_tiny_real_fake_doors, nicolae_shop_tiny_waterfront, pond
Temple:   mainiacjoe_temple_circle_huts
Lair:1:   layout_concentric_octagons, st_stairs_3,
          chequers_serial_rivers_micro_c, nicolae_lair_liquid_snakes,
          serial_bayou_shore_a
Lair:2:   layout_cave_shapes, minmay_swamp_entry_eels,
          nicolae_snake_entry_squirm

Skill      XL: |  1  2  3  4  5  6  7  8  9 10 11 12 13 |
---------------+----------------------------------------+-----
Spellcasting   | 3 4 6 |  6.0
Conjurations   | 5 6 9 |  9.0
Invocations    | 3 4 6 |  6.0
Long Blades    | 3 6 8 10 | 10.0
Fighting       | 2 4 6 8 |  8.0
Dodging        | 5 7 10 | 10.0
Translocations | 4 |  4.0
Hexes          | 3 4 |  4.0
Air Magic      | 1 6 7 |  7.7
Stealth        | |  2.6

Action                     |  1- 3 |  4- 6 |  7- 9 | 10-12 | 13-15 || total
---------------------------+-------+-------+-------+-------+-------++-------
  Melee: Demon blade       |       |       |    61 |   238 |    48 ||   347
         Rapier            |       |       |     2 |       |       ||     2
         Punch             |       |       |       |     2 |       ||     2
   Cast: Magic Dart        |    38 |    33 |    16 |     3 |       ||    90
         Searing Ray       |     3 |    16 |    44 |    98 |     8 ||   169
         Iskenderun's Myst |       |       |       |     4 |     2 ||     6
         Fulminant Prism   |       |       |       |     9 |     3 ||    12
         Arcjolt           |       |       |       |     4 |     8 ||    12
 Invoke: Stomp             |       |       |       |     3 |       ||     3
         Line Pass         |       |       |       |     1 |       ||     1
  Evoke: Wand              |       |       |       |     4 |     2 ||     6
    Use: Scroll            |       |    11 |    12 |     9 |       ||    32
   Stab: Sleeping          |       |       |     6 |     4 |       ||    10
         Paralysed         |       |       |     5 |    40 |     8 ||    53
         Distracted        |       |       |       |     1 |       ||     1
 Armour: Robe              |       |       |    22 |    54 |       ||    76
         Steam dragon scal |       |       |       |    16 |    32 ||    48
  Dodge: Dodged            |     5 |    24 |    53 |   186 |    61 ||   329
  Block: Buckler           |       |       |       |    11 |    19 ||    30

Table legend: (Time is in decaauts)
 A = Elapsed time spent in this place.
 B = Non-inter-level travel time spent in this place.
 C = Inter-level travel time spent in this place.
 D = Time resting spent in this place.
 E = Time spent auto-exploring this place.
 F = Levels seen in this place.
 G = Mean time per level.
                   A        B        C        D        E       F      G
               +--------+--------+--------+--------+--------+-----+--------+
         Total |  18364 |  17332 |   1032 |   6320 |   8248 |  14 | 1311.7 |
       Dungeon |  13835 |  13074 |    761 |   4197 |   6784 |  10 | 1383.5 |
        Temple |    635 |    516 |    119 |      0 |    481 |   1 |  635.0 |
          Lair |   3656 |   3505 |    151 |   1988 |    967 |   2 | 1828.0 |
         Sewer |    237 |    237 |      0 |    135 |     16 |   1 |  237.0 |
               +--------+--------+--------+--------+--------+-----+--------+

Top non-repeatable levels by time:
  Lair:1: 2932 daAuts
     D:9: 2362 daAuts
    D:10: 1842 daAuts
     D:4: 1678 daAuts
     D:5: 1521 daAuts
     D:3: 1333 daAuts
     D:7: 1212 daAuts
     D:6: 1140 daAuts
     D:1: 1016 daAuts
     D:2: 965 daAuts
     D:8: 762 daAuts
  Lair:2: 724 daAuts
  Temple: 635 daAuts
   Sewer: 237 daAuts
